Map: Dynasty LE

Players

TNoDz - Winner!

  • Race: Terran Terran
  • Spawn Location: 1:00

A.I. 1 (Very Easy)

  • Race: Terran Terran
  • Spawn Location: 7:00

VOD

Have the link to the VOD?

Description

Time

  • Played on: Jan. 9, 2025, 2:40 p.m.
  • Length: 5:01
Show
View Real Time Build Order
Export as new Build Order

TNoDz Terran - Winner!

Build Orders:  

Get SALT Encoding   

  12  0:02  SCV  
  13  0:14  SCV  
  13  0:17  Supply Depot  
  14  0:26  SCV  
  15  0:39  SCV  
  15  0:41  Barracks  
  16  0:51  SCV  
  16  0:53  Refinery  
  17  1:03  SCV  
  18  1:12  Barracks  
  18  1:15  SCV  
  19  1:27  SCV  
  19  1:31  Marine, Supply Depot  
  21  1:47  Orbital Command  
  21  1:49  Marine  
  22  1:59  Barracks  
  22  2:01  Supply Depot  
  22  2:06  Marine  
  22  2:07  Refinery  
  23  2:10  Barracks Tech Lab  
  23  2:22  SCV  
  24  2:24  Marine  
  25  2:30  Stimpack  
  25  2:33  Marine  
  25  2:34  SCV  
  27  2:42  Marine, Supply Depot  
  28  2:47  Barracks Tech Lab  
  28  2:51  Marine  
  29  3:00  Marine  
  29  3:04  SCV  
  31  3:08  Combat Shield  
  31  3:09  Marauder  
  33  3:14  Marauder  
  33  3:18  Marine  
  36  3:31  Marauder  
  36  3:32  Supply Depot  
  38  3:35  Marauder, Marine  
  41  3:52  Marauder  
  41  3:53  Marine  
  44  3:56  Marauder  
  46  4:13  Marauder  
  46  4:14  Barracks Reactor  
  48  4:18  Marauder  
  50  4:35  Marauder  
Show
View Real Time Build Order
Export as new Build Order

A.I. 1 (Very Easy) Terran 

Build Orders:  

Get SALT Encoding   

  12  0:00  SCV  
  13  0:13  SCV  
  14  0:18  Supply Depot  
  14  0:36  Refinery  
  14  0:42  Barracks  
  14  1:03  Supply Depot  
  14  1:11  Refinery  
  14  1:29  Marine, Orbital Command  
  15  1:54  SCV  
  16  2:06  SCV  
  17  2:15  Barracks Tech Lab  
  17  2:18  SCV  
  18  2:30  SCV  
  18  2:33  Marauder  
  21  2:43  SCV  
  22  2:55  SCV  
  23  3:18  Marine  
  24  4:28  Marine  
  24  4:30  Supply Depot  
  25  4:37  SCV  
Tags
 
Matchup
TvT
Race
Terran
Spawn Locations
Cross Positions
Add a new tag
Caveats
  • Supply blocks, unpowered buildings, or Contaminate may cause inaccurate times.
  • Supply counts are checked every 10 seconds.